 Dungeon Crawl Stone Soup version 0.20.1-1-g8b1a95d (console) character file.

316 rafael the Sneak (level 6, -1/49 HPs)
             Began as a Deep Dwarf Fire Elementalist on Aug 29, 2017.
             Was an Initiate of Makhleb.
             Slain by an ice beast (10 damage)
             ... on level 5 of the Dungeon.
             The game lasted 00:08:48 (3333 turns).

rafael the Sneak (Deep Dwarf Fire Elementalist)     Turns: 3333, Time: 00:08:49

Health: -1/49      AC:  3    Str: 12    XL:     6   Next: 20%
Magic:  2/8        EV: 12    Int: 17    God:    Makhleb [......]
Gold:   138        SH:  0    Dex: 13    Spells: 4/8 levels left

rFire    . . .     SeeInvis .   a - +1 dagger (venom)
rCold    . . .     Gourm    .   (no shield)
rNeg     . . .     Faith    .   m - +0 robe
rPois    .         Spirit   .   (no helmet)
rElec    .         Reflect  .   (no cloak)
rCorr    .         Harm     .   p - +0 pair of gloves
MR       .....                  (no boots)
Stlth    +++.......             (no amulet)
Regen    0.0/turn               y - ring of flight (curse)
MPRegen  0.2/turn               (no ring)

@: non-regenerating
A: damage resistance, heal wounds, sense surroundings 1, no regeneration
a: Heal Wounds, Renounce Religion, Evoke Flight


You were on level 5 of the Dungeon.
You worshipped Makhleb.
Makhleb was noncommittal.
You were not hungry.

You visited 2 branches of the dungeon, and saw 6 of its levels.

You collected 138 gold pieces.

Inventory:

Hand Weapons
 a - a +1 dagger of venom (weapon)
 v - a -2 dagger
Armour
 m - a +0 robe (worn)
 p - a +0 pair of gloves (worn)
Magical Staves
 x - an uncursed staff of death
Jewellery
 y - a cursed ring of flight (left hand)
Wands
 n - a wand of confusion (5/48)
 u - a wand of confusion (32/48)
Scrolls
 e - a scroll of enchant weapon
 f - 2 scrolls of amnesia {unknown}
 g - a scroll of enchant armour {unknown}
 k - 2 scrolls of remove curse
 q - 2 scrolls of teleportation {unknown}
 r - a scroll of random uselessness {unknown}
 s - a scroll of noise {unknown}
 t - 2 scrolls of identify {unknown}
Potions
 d - 2 potions of lignification
 h - 2 potions of brilliance
 j - 2 potions of curing
 l - a potion of agility {unknown}
Books
 b - a book of Flames

   Spells                             Type                      Level
   a - Flame Tongue                   Conjuration/Fire             1
   b - Throw Flame                    Conjuration/Fire             2
   c - Conjure Flame                  Conjuration/Fire             3
   d - Inner Flame                    Hexes/Fire                   3
   e - Sticky Flame                   Conjuration/Fire             4
   f - Fireball                       Conjuration/Fire             5
Comestibles
 c - 6 bread rations
 i - 4 meat rations
 o - a royal jelly
 w - a fruit


   Skills:
 - Level 2.1 Dodging
 + Level 5.3 Stealth
 - Level 1.7 Spellcasting
 + Level 3.3 Conjurations
 + Level 4.2 Fire Magic


You had 4 spell levels left.
You knew the following spells:

 Your Spells              Type           Power        Failure   Level  Hunger
a - Flame Tongue          Conj/Fire      ##...        4%          1    #......
b - Conjure Flame         Conj/Fire      ##......     13%         3    ###....


Dungeon Overview and Level Annotations

Branches:
Dungeon (5/15)             Temple (1/1) D:4

Altars:
Cheibriados
Dithmenos
Elyvilon
Gozag
Hepliaklqana
Kikubaaqudgha
Makhleb
Nemelex Xobeh
Okawaru
Ru
Trog
Uskayaw
Xom
Yredelemnul
Zin
The Shining One


Innate Abilities, Weirdness & Mutations

You are resistant to damage.
You can heal yourself by infusing magical energy.
You passively map a small area around you.
You do not regenerate.


Message History

The ice beast hits you but does no damage.
Casting: Flame Tongue
Confirm with . or Enter, or press ? or * to list all spells.
Aiming: Flame Tongue
Press: ? - help, Shift-Dir - straight line, f/p - ice beast
Aim: an ice beast (heavily wounded)
The flame tongue hits the ice beast.
The ice beast melts!
The ice beast is almost dead.
The ice beast barely misses you.
Casting: Flame Tongue
Confirm with . or Enter, or press ? or * to list all spells.
Aiming: Flame Tongue
Press: ? - help, Shift-Dir - straight line, f/p - ice beast
Aim: an ice beast (almost dead)
The flame tongue hits the ice beast.
The ice beast appears unharmed.
The ice beast is almost dead.
The ice beast hits you.
* * * LOW HITPOINT WARNING * * *
The ice beast freezes you!
You die...

#.......##....########.
#.......''....'......+. ....
#.......##....########. .... *
#.......##....# #. ....
#.......##....# #. ....
#.......##.#'########## .... ,
+.....................>
....#######..........#.########..
................@....#.########.#
.....############Y...+...........
.....# #....#.######....
##+#.############....#.######....
............................#....
##)###.########.##.###.####.###..
.......# #.##.# #.# #..##..
##.....# #.##.# #.#####.##..
#.....# #.##.# #.#.....##..


You could see an ice beast.

Vanquished Creatures
  2 hounds (D:4)
  2 worker ants (D:4)
  Ijyb (D:3)
  A howler monkey skeleton (D:4)
  3 gnolls (D:3)
  4 adders
  An ooze (D:3)
  3 worms
  2 dart slugs (D:2)
  4 leopard geckos
  2 orcs (D:3)
  5 giant cockroaches
  17 goblins
  6 hobgoblins
  7 jackals
  7 kobolds
  A quokka (D:4)
  A ball python skeleton (D:4)
  5 bats
  5 frilled lizards
  A leopard gecko zombie (D:5)
  11 rats
91 creatures vanquished.

Notes
Turn   | Place    | Note
-------+----------+-------------------------------------------
     0 | D:1      | rafael the Deep Dwarf Fire Elementalist began the quest for the Orb.
     0 | D:1      | Reached XP level 1. HP: 15/15 MP: 3/3
    11 | D:1      | Reached skill level 1 in Conjurations
   148 | D:1      | Reached XP level 2. HP: 22/22 MP: 0/4
   396 | D:1      | Reached skill level 3 in Stealth
   580 | D:2      | Reached XP level 3. HP: 24/28 MP: 1/5
   933 | D:2      | Learned a level 3 spell: Conjure Flame
  1293 | D:3      | Reached XP level 4. HP: 25/36 MP: 4/6
  1455 | D:3      | Reached skill level 4 in Stealth
  1540 | D:3      | Noticed Ijyb
  1572 | D:3      | Killed Ijyb
  1945 | D:3      | Reached XP level 5. HP: 36/42 MP: 3/7
  2508 | D:4      | Reached skill level 5 in Stealth
  2573 | D:4      | Reached XP level 6. HP: 19/49 MP: 2/8
  2614 | D:4      | Found a staircase to the Ecumenical Temple.
  2620 | Temple   | Entered the Ecumenical Temple
  2711 | Temple   | Became a worshipper of Makhleb the Destroyer
  3058 | D:5      | Entered Level 5 of the Dungeon
  3225 | D:5      | Noticed a hippogriff
  3225 | D:5      | Noticed an ice beast
  3333 | D:5      | Slain by an ice beast

Skill      XL: |  1  2  3  4  5 |
---------------+----------------+-----
Conjurations   | 1 2 3 |  3.3
Stealth        | 3 4 5 |  5.3
Fire Magic     | 3 4 |  4.2
Dodging        | |  2.1
Spellcasting   | |  1.7

Action                   |  1- 3 |  4- 6 || total
-------------------------+-------+-------++-------
Melee: Short sword       |    22 |    13 ||    35
       Dagger            |       |    50 ||    50
 Cast: Flame Tongue      |    70 |    88 ||   158
  Use: Potion            |       |     5 ||     5
       Scroll            |       |     2 ||     2
 Stab: Sleeping          |     2 |     3 ||     5
  Eat: Chunk             |     2 |     9 ||    11
Armor: Robe              |     6 |    20 ||    26
Dodge: Dodged            |    56 |    86 ||   142
